Unix NetHack Version 5.0.0-0 post-release - last build May  4 2026 22:22:43 (774f63e81ad911689b3a0859ea89b322d5daca8d,branch:main).

Game began 2026-05-06 09:21:06, ended 2026-05-06 09:48:48.

24620901111, lawful female human Knight

        ----|-
        |..<.|
        |.....
        |....|
        |....|
        |..i.-#
        ---.--#
              #
            # #
            #####
       ------|-####                             #
       |......| #                                #.
       |[!)*[?| #  -+-                         ###
       |((?(+*| # --.--                        #
       |%*%()+| #--...--#                    ###
       |%!/![%| #....)..##             ----  #
       --------  --...-- ####  |..(....m@.|  #
                  --.--     ###-.........(-###
                   ---         ------------

24620901111 the Esquire  St:13 Dx:11 Co:13 In:7 Wi:17 Ch:17  Lawful
Dlvl:7  $:81 HP:0(43) Pw:37(37) AC:6  Xp:5 T:1830 

Latest messages:
 You hit the small mimic.
 You miss the small mimic.
 You hit the small mimic.
 You miss the small mimic.
 You kill the small mimic!
 Welcome to experience level 5.
 That chest is a small mimic!
 You hit the small mimic!
 You miss the small mimic.
 You miss the small mimic.
 You hit the small mimic!
 You miss the small mimic.
 The small mimic hits!
 You miss the small mimic.
 You miss the small mimic.
 The small mimic hits!
 You miss the small mimic.
 You kill the small mimic!
 The door resists!
 The door opens.
 You are carrying too much to get through.
 You are carrying too much to get through.
 You are carrying too much to get through.
 You are carrying too much to get through.
 You are carrying too much to get through.
 You are carrying too much to get through.
 You are carrying too much to get through.
 You are carrying too much to get through.
 You are carrying too much to get through.
 You are carrying too much to get through.
 You are carrying too much to get through.
 You are carrying too much to get through.
 You are carrying too much to get through.
 You are carrying too much to get through.
 You are carrying too much to get through.
 That chest is a giant mimic!
 The giant mimic hits!
 The giant mimic hits again!
 You miss the giant mimic.
 You hit the giant mimic!
 You miss the giant mimic.
 You hit the giant mimic!
 The giant mimic hits!
 The giant mimic hits again!
 You die...
 Do you want your possessions identified? [ynq] (y) y
 Do you want to see your attributes? [ynq] (y) y
 Do you want an account of creatures vanquished? [ynaq] (y) n
 Do you want to see your conduct and achievements? [ynq] (y) y
 Do you want to see the dungeon overview? [ynq] (y) y

Inventory:
 Coins    ('$')
  $ - 81 gold pieces
 Weapons  (')')
  a - a +1 long sword (weapon in right hand)
  b - a +1 lance (alternate weapon; not wielded)
 Armor    ('[')
  d - an uncursed +0 helmet (being worn)
  f - an uncursed +0 pair of leather gloves (being worn)
  e - a blessed +0 small shield (being worn)
  c - an uncursed thoroughly rusty +1 ring mail (being worn)
 Comestibles  ('%')
  g - 10 uncursed apples
  h - 11 uncursed carrots
  k - an uncursed eucalyptus leaf
  j - an uncursed lichen corpse

24620901111 the Knight's attributes:

Background:
 You were an Esquire, a level 5 female human Knight.
 You were lawful, nominally on a mission for Lugh
 who was opposed by Brigit (neutral) and Manannan Mac Lir (chaotic).
 You were right-handed.
 You were in the Dungeons of Doom, on level 7.
 You entered the dungeon 1830 turns ago.
 You had 215 experience points, 105 more were needed to attain level 6.

Basics:
 You had 0 out of 43 hit points.
 You had all 37 energy points (spell power).
 Your armor class was 6.
 Your wallet contained 81 zorkmids.
 Autopickup was off.

Final Characteristics:
 Your strength was 13 (limit:18/100).
 Your dexterity was 11 (limit:18).
 Your constitution was 13 (limit:18).
 Your intelligence was 7 (limit:18).
 Your wisdom was 17 (limit:18).
 Your charisma was 17 (limit:18).

Final Status:
 You were held by a giant mimic (west).
 You weren't hungry.
 You were unencumbered.
 You were wielding a long sword.
 You had basic skill with long sword.

Final Attributes:
 You were devoutly aligned.
 You could jump.
 You were warded.
 You are dead.

Miscellaneous:
 You didn't encounter any bones levels.
 Total elapsed playing time was 27 minutes and 40 seconds.

Major events:
 Turn
    1: 24620901111 the lawful female human Knight entered the dungeon
 1185: attained the rank of Esquire (level 3)
 1830: killed by a giant mimic

You didn't know any spells.

Skills:
 Fighting Skills
   bare handed combat [Unskilled]
   two weapon combat  [Unskilled]
   riding             [Basic]
 Weapon Skills
   dagger             [Unskilled]
   knife              [Unskilled]
   axe                [Unskilled]
   pick-axe           [Unskilled]
   short sword        [Unskilled]
   broadsword         [Unskilled]
   long sword         [Basic]
   two-handed sword   [Unskilled]
   saber              [Unskilled]
   club               [Unskilled]
   mace               [Unskilled]
   morning star       [Unskilled]
   flail              [Unskilled]
   hammer             [Unskilled]
   polearms           [Unskilled]
   spear              [Unskilled]
   trident            [Unskilled]
   lance              [Basic]
   bow                [Unskilled]
   crossbow           [Unskilled]
 Spellcasting Skills
   attack spells      [Unskilled]
   healing spells     [Unskilled]
   clerical spells    [Unskilled]

Voluntary challenges:
 Character rerolling was not enabled.
 You followed a strict vegan diet.
 You were an atheist.
 You were illiterate.
 You never genocided any monsters.
 You never polymorphed an object.
 You never changed form.
 You used no wishes.
Achievements:
 You entered a shop.
 You attained the rank of Esquire.

 The Dungeons of Doom: levels 1 to 7
    Level 1:
       Some fountains.
    Level 2:
       A fountain, a grave.
    Level 3:
       A potion shop.
    Level 4:
       An armor shop, an altar.
    Level 5:
       A fountain, a sink.
    Level 6:
       A fountain, a sink.
    Level 7: <- You were here.
       A general store.
       Final resting place for
          you, killed by a giant mimic.


Vanquished creatures:
  2 small mimics
  a gnomish wizard
  a gray ooze
  a giant bat
 an orc zombie
  2 iguanas
 an acid blob
  a yellow mold
  a gecko
  4 jackals
  a fox
  2 goblins
  a sewer rat
  6 grid bugs
  5 lichens
  3 newts
33 creatures vanquished.

No species were genocided or became extinct.

Game over:
                       ----------
                      /          \
                     /    REST    \
                    /      IN      \
                   /     PEACE      \
                  /                  \
                  |   24620901111    |
                  |      81 Au       |
                  |   killed by a    |
                  |   giant mimic    |
                  |                  |
                  |                  |
                  |       2026       |
                 *|     *  *  *      | *
        _________)/\\_//(\/(/\)/\//\/|_)_______

Fare thee well 24620901111 the Knight...

You died in The Dungeons of Doom on dungeon level 7 with 1233 points,
and 81 pieces of gold, after 1830 moves.
You were level 5 with a maximum of 43 hit points when you died.

